 Dungeon Crawl Stone Soup version 0.18.1-48-g4cf74bf (webtiles) character file.

2286 Jerry the Summoner (level 9, -13/57 HPs)
             Began as a Human Ice Elementalist on June 30, 2016.
             Shot with a sling bullet by Joseph (23 damage)
             ... on level 7 of the Dungeon.
             The game lasted 00:55:39 (9801 turns).

Jerry the Summoner (Human Ice Elementalist)         Turns: 9801, Time: 00:55:39

Health: -13/57     AC:  4    Str:  8    XL:     9   Next: 66%
Magic:  4/14       EV: 12    Int: 19    God:
Gold:   243        SH:  0    Dex: 16    Spells: 3 memorised, 8 levels left

rFire  . . .     SeeInvis .     M - +0 halberd (freeze)
rCold  . . .     Gourm    .     a - +0 robe
rNeg   . . .     Faith    .     (shield currently unavailable)
rPois  .         Spirit   .     (no helmet)
rElec  .         Dismiss  +     L - +0 cloak
rCorr  .         Reflect  .     I - +0 pair of gloves
SustAt .         Harm     .     (no boots)
MR     .....                    l - amulet of dismissal
Stlth  +++.......               (no ring)
                                (no ring)

@: not resistant to hostile enchantments, fairly stealthy
A: thin skeletal structure 1, blurry vision 1, no device heal 1
a: no special abilities


You were on level 7 of the Dungeon.
You were hungry.

You visited 1 branch of the dungeon, and saw 7 of its levels.

You collected 243 gold pieces.

Inventory:

Hand Weapons
 G - a +0 spear of venom
 K - a +4 quarterstaff of chaos
 M - a +0 halberd of freezing (weapon)
Missiles
 e - 222 stones (quivered)
Armour
 a - a +0 robe (worn)
 I - a +0 pair of gloves (worn)
 L - a +0 cloak (worn)
Jewellery
 l - an amulet of dismissal (around neck)
Wands
 u - a wand of heal wounds (0/9)
 v - a wand of paralysis (11/24)
 y - a wand of enslavement (16/24)
 D - a wand of heal wounds (3/9)
 H - a wand of paralysis (8/24)
Scrolls
 j - a scroll of identify
 k - a scroll of amnesia {unknown}
 m - 2 scrolls of immolation {unknown}
 r - 3 scrolls of enchant armour {unknown}
 s - 5 scrolls of teleportation {unknown}
 t - 3 scrolls of remove curse {unknown}
 w - 2 scrolls of random uselessness {unknown}
 A - a scroll of magic mapping {unknown}
Potions
 f - 3 potions of flight
 g - 2 potions of agility {unknown}
 i - 2 potions of berserk rage {unknown}
 n - 2 potions of curing
 o - 3 potions of degeneration {unknown}
 q - 2 potions of invisibility {unknown}
 x - 2 potions of mutation {unknown}
 z - a potion of magic {unknown}
 B - a potion of cancellation {unknown}
 C - a potion of heal wounds {unknown}
 F - 2 potions of cure mutation {unknown}
 J - a potion of experience {unknown}
Books
 b - a book of Frost

   Spells                             Type                      Level
   a - Freeze                         Ice                          1
   b - Throw Frost                    Conjuration/Ice              2
   c - Ozocubu's Armour               Charms/Ice                   3
   d - Throw Icicle                   Conjuration/Ice              4
   e - Summon Ice Beast               Ice/Summoning                4
 E - a book of Fire

   Spells                             Type                      Level
   a - Ignite Poison                  Fire/Transmutation/Poison    3
   b - Fireball                       Conjuration/Fire             5
   c - Bolt of Fire                   Conjuration/Fire             6
   d - Delayed Fireball               Conjuration/Fire             7
   e - Ring of Flames                 Charms/Fire                  7
Comestibles
 c - 4 bread rations
 d - 2 beef jerkies
 h - 4 chunks of flesh
 p - 3 meat rations


   Skills:
 - Level 2.0 Dodging
 - Level 2.0 Stealth
 + Level 3.5 Spellcasting
 - Level 1.0 Conjurations
 + Level 9.1 Summonings
 - Level 8.0 Ice Magic


You had 8 spell levels left.
You knew the following spells:

 Your Spells              Type           Power        Failure   Level  Hunger
a - Freeze                Ice            ####         1%          1    None
b - Summon Ice Beast      Ice/Summ       #####...     6%          4    ####...
c - Throw Frost           Conj/Ice       ###...       4%          2    ##.....


Dungeon Overview and Level Annotations

Branches:
Dungeon (7/15)
 Temple: D:4-7

Altars:
Cheibriados
Dithmenos
Gozag
Makhleb
Okawaru
Xom
Yredelemnul

Annotations:
D:7 Joseph


Innate Abilities, Weirdness & Mutations

You have a somewhat thin skeletal structure (Dex +2, Stealth).
Scrolls take you a little longer to read.
Potions and wands are less effective at restoring your health.


Message History

Attack whom?
Press: ? - help, Dir - move target cursor, f/p - Joseph
Aim: Joseph, wielding a hunting sling and wearing a leather armour (heavily wounded)
You reach to attack!
You hit Joseph but do no damage.
Joseph is heavily wounded.
Your ice beast hits Joseph.
Your ice beast freezes Joseph!
Joseph says, "I've waited for this moment for such a long time."
Joseph shoots a sling bullet.
The sling bullet hits your ice beast!
Your ice beast dies!
Joseph shoots a sling bullet.
The sling bullet hits you!!
Things that are here:
a sling bullet; a dagger
Items here: ( ) [[ ÷ a hand axe; a leather armour; a tomahawk; a chain mail; an orc skeleton
Items here: ( )) [[ † Joseph shoots a sling bullet.
The sling bullet hits you!
* * * LOW HITPOINT WARNING * * *
Items here: ( )) [ ÷÷÷ Joseph shoots a sling bullet.
The sling bullet hits you!!
You die...

...............)
#..............
##........#....
....##..##..... #
#.#......#...
#.....###....
####..#...# ..
####.)@Z##.#...#
##.@()##(##.#.###
#..#####(##...#
###.## #Z##....
#..[# #.##.!.#
#.....### #......
..#### #... #....
#....@
#............


You could see Joseph and a hound skeleton.

Vanquished Creatures
  A hippogriff (D:7)
  An orc warrior (D:7)
  An ice beast (D:7)
  A sky beast (D:6)
  A phantom (D:5)
  3 giant frogs
  The ghost of oldnick the Ruffian, a weakling TrMo (D:3)
  2 howler monkeys
  A crimson imp (D:7)
  A jelly (D:6)
  A quasit (D:6)
  3 orc priests
  4 hounds
  Crazy Yiuf (D:2)
  An iguana (D:6)
  7 orc wizards
  Ijyb (D:3)
  Natasha (thrice) (D:3)
  2 worker ants
  A hound skeleton (D:5)
  12 adders
  12 gnolls
  4 shadow imps
  An ooze (D:3)
  An adder skeleton (D:4)
  3 worms
  5 dart slugs
  3 giant geckos
  18 orcs
  2 ball pythons
  9 bats
  3 giant cockroaches
  18 goblins
  10 hobgoblins
  13 jackals
  10 kobolds
  4 quokkas
  3 giant newts
  A jackal skeleton (D:5)
  A quokka skeleton (D:4)
  5 rats
  A fungus (D:2)
176 creatures vanquished.

Vanquished Creatures (collateral kills)
  Duvessa (D:7)
  An ice beast (D:5)
  A centaur (D:5)
  A big kobold (D:7)
  A giant frog (D:7)
  Dowan (D:7)
  A scorpion (D:6)
  3 centaur zombies
  2 orc priests (D:7)
  2 orc wizards (D:7)
  A hound zombie (D:7)
  Robin (D:4)
  An adder (D:6)
  7 orcs
  A goblin (D:4)
  A quokka (D:6)
  6 kobolds (D:7)
32 creatures vanquished.

Grand Total: 208 creatures vanquished

Notes
Turn   | Place    | Note
--------------------------------------------------------------
     0 | D:1      | Jerry the Human Ice Elementalist began the quest for the Orb.
     0 | D:1      | Reached XP level 1. HP: 13/13 MP: 3/3
     6 | D:1      | Noticed a crocodile
     6 | D:1      | Noticed a black bear
     6 | D:1      | Noticed a swamp worm
     7 | D:1      | Noticed a swamp drake
     7 | D:1      | Noticed an anaconda
   300 | D:1      | Reached XP level 2. HP: 19/19 MP: 3/5
   550 | D:1      | Reached XP level 3. HP: 20/24 MP: 1/6
  1192 | D:2      | Reached XP level 4. HP: 30/30 MP: 5/7
  1201 | D:2      | Learned a level 4 spell: Summon Ice Beast
  1224 | D:2      | Reached skill level 1 in Summonings
  1319 | D:2      | Found a shadowy altar of Dithmenos.
  1487 | D:2      | Found a shimmering altar of Xom.
  1646 | D:2      | Reached skill level 2 in Summonings
  1754 | D:2      | Noticed Crazy Yiuf
  2027 | D:3      | Reached XP level 5. HP: 22/35 MP: 5/8
  2292 | D:3      | Noticed oldnick's ghost (weakling TrMo)
  2585 | D:3      | Reached skill level 3 in Summonings
  2763 | D:3      | Killed oldnick's ghost
  2763 | D:3      | Reached skill level 4 in Summonings
  2763 | D:3      | Reached XP level 6. HP: 18/41 MP: 0/9
  3085 | D:3      | Noticed Ijyb
  3405 | D:3      | Killed Ijyb
  3582 | D:3      | Noticed Natasha
  3596 | D:3      | Killed Natasha
  3596 | D:3      | Reached skill level 5 in Summonings
  3796 | D:3      | Noticed Natasha
  3801 | D:3      | Killed Natasha
  3927 | D:3      | Reached XP level 7. HP: 36/46 MP: 7/10
  3946 | D:3      | Noticed Natasha
  3952 | D:3      | Killed Natasha
  4161 | D:3      | Reached skill level 5 in Ice Magic
  4340 | D:4      | You fall through a shaft for 2 floors!
  4340 | D:6      | Found a basalt altar of Yredelemnul.
  4711 | D:5      | Entered Level 5 of the Dungeon
  4788 | D:4      | Found an opulent altar of Gozag.
  4842 | D:4      | Found a snail-covered altar of Cheibriados.
  4842 | D:4      | Found a burning altar of Makhleb.
  5163 | D:4      | Reached skill level 6 in Summonings
  5362 | D:4      | Reached XP level 8. HP: 45/52 MP: 6/11
  5648 | D:4      | Noticed Robin
  5760 | D:4      | Killed Robin
  6603 | D:5      | Learned a level 2 spell: Throw Frost
  7013 | D:5      | Reached skill level 7 in Summonings
  7037 | D:5      | Found an iron altar of Okawaru.
  8549 | D:6      | Reached XP level 9. HP: 54/57 MP: 12/12
  8884 | D:7      | Noticed Joseph
  8985 | D:2      | Killed Crazy Yiuf
  9063 | D:6      | Reached skill level 8 in Summonings
  9139 | D:7      | Noticed Duvessa
  9147 | D:7      | Noticed Dowan
  9153 | D:7      | Killed Duvessa
  9159 | D:7      | Killed Dowan
  9437 | D:6      | Gained mutation: Scrolls take you a little longer to read. [mutagenic meat]
  9438 | D:6      | Gained mutation: You have a somewhat thin skeletal structure (Dex +2, Stealth). [mutagenic meat]
  9439 | D:6      | Gained mutation: Potions and wands are less effective at restoring your health. [mutagenic meat]
  9531 | D:7      | Paralysed by an orc wizard for 5 turns
  9739 | D:7      | Reached skill level 9 in Summonings
  9801 | D:7      | Shot with a sling bullet by Joseph

Skill      XL: |  1  2  3  4  5  6  7  8  9 |
---------------+----------------------------+-----
Ice Magic      | 4 5 7 8 |  8.0
Summonings     | 2 4 5 6 7 9 |  9.1
Spellcasting   | 3 |  3.5
Dodging        | |  2.0
Stealth        | |  2.0
Conjurations   | |  1.0

Action                   |  1- 3 |  4- 6 |  7- 9 || total
-------------------------+-------+-------+-------++-------
Melee: Unarmed           |    11 |       |       ||    11
       Short sword       |    20 |    42 |       ||    62
       Dagger            |       |     8 |    83 ||    91
       Spear             |       |       |   100 ||   100
       Quarterstaff      |       |       |    15 ||    15
       Halberd           |       |       |    13 ||    13
Throw: Stone             |    35 |    76 |    84 ||   195
 Cast: Freeze            |    48 |    99 |   154 ||   301
       Summon Ice Beast  |       |       |    26 ||    26
       Throw Frost       |       |       |     1 ||     1
Evoke: Wand              |       |       |     5 ||     5
  Use: Potion            |       |     1 |       ||     1
       Scroll            |       |       |     4 ||     4
 Stab: Sleeping          |     3 |     4 |     4 ||    11
       Distracted        |       |       |     2 ||     2
  Eat: Chunk             |     1 |    11 |    27 ||    39
       Beef jerky        |       |       |     1 ||     1
Armor: Robe              |    24 |    12 |    53 ||    89
Dodge: Dodged            |    46 |    48 |   204 ||   298
